 Dungeon Crawl Stone Soup version 0.30.1-11-g7821555f0a (webtiles) character file.

Game seed: 3535129099921991793

17280 cowcol the Severer (level 12, -1/86 (110) HPs)
             Began as a Minotaur Fighter on Jan 7, 2024.
             Was a High Priest of Okawaru.
             Slain by a boulder beetle (10 damage)
             ... on level 12 of the Dungeon.
             The game lasted 00:34:35 (13370 turns).

cowcol the Severer (Minotaur Fighter)              Turns: 13370, Time: 00:34:36

HP:   -1/86 (110)   AC: 23    Str: 23    XL:     12   Next: 17%
MP:   0/11          EV: 12    Int:  7    God:    Okawaru [*****.]
Gold: 789           SH:  0    Dex: 17    Spells: 11/11 levels left

rFire   . . .        r - +2 executioner's axe
rCold   . . .        (shield currently unavailable)
rNeg    . . .        Q - +0 plate armour
rPois   .            (helmet restricted)
rElec   .            o - +1 cloak
rCorr   .            P - +0 pair of gloves
SInv    .            d - +2 pair of boots
Will    .....        v - amulet of guardian spirit Stlth
                     q - +5 ring of evasion
HPRegen 0.34/turn    z - +6 ring of dexterity
MPRegen 0.12/turn

%: guardian spirit
@: heavily drained
A: horns 2, retaliatory headbutt
a: Renounce Religion, Heroism, Finesse, Duel


You were on level 12 of the Dungeon.
You worshipped Okawaru.
Okawaru was extremely pleased with you.
You visited 2 branches of the dungeon, and saw 13 of its levels.

You collected 789 gold pieces.

Inventory:

Hand Weapons
 r - a +2 executioner's axe (weapon)
 K - a +0 morningstar
 R - a +0 battleaxe
 U - a +2 great mace of draining
Missiles
 f - 9 boomerangs (quivered)
 L - 3 curare-tipped darts
 M - 41 poisoned darts
Armour
 b - a +0 scale mail
 c - a +0 buckler
 d - a +2 pair of boots (worn)
 h - a +0 kite shield
 o - a +1 cloak (worn)
 P - a +0 pair of gloves (worn)
 Q - a +0 plate armour (worn)
 T - a +2 plate armour of fire resistance
 V - +0 fire dragon scales
 W - a +1 pair of boots of flying
Jewellery
 j - an amulet of the acrobat
 q - a +5 ring of evasion (left hand)
 u - a ring of flight
 v - an amulet of guardian spirit (around neck)
 x - a +6 ring of dexterity
 y - a ring of ice
 z - a +6 ring of dexterity (right hand)
Wands
 m - a wand of digging (3)
 B - a wand of acid (5)
 C - a wand of roots (20)
 X - a wand of flame (11)
Scrolls
 a - a scroll of silence
 g - 3 scrolls of identify
 i - 6 scrolls of immolation
 k - 4 scrolls of magic mapping
 n - 10 scrolls of teleportation
 p - 2 scrolls of vulnerability
 t - 2 scrolls of poison
 w - a scroll of amnesia
 E - a scroll of torment
 I - a scroll of fear
 O - 2 scrolls of blinking
Potions
 e - 2 potions of attraction
 A - a potion of lignification
 F - a potion of invisibility
 H - a potion of magic
 J - a potion of cancellation {unknown}
 N - a potion of heal wounds
 S - a potion of flight
 Y - a potion of might
 Z - a potion of berserk rage {unknown}
Miscellaneous
 s - a tin of tremorstones (2/2)


   Skills:
 + Level 11.0 Fighting
 + Level 17.8 Axes
 - Level 2.0 Throwing
 - Level 12.0 Armour
 - Level 4.0 Shields
 + Level 1.2 Invocations


You had 11 spell levels left.
You didn't know any spells.
Your spell library contained the following spells:

 Spells                   Type           Power      Damage    Failure   Level
 Apportation              Tloc           0%         N/A       99%         1
 Beastly Appendage        Tmut           0%         N/A       99%         1
 Ensorcelled Hibernation  Hex/Ice        0%         N/A       100%        2
 Passwall                 Tmut/Erth      0%         N/A       100%        2
 Ozocubu's Armour         Ice            0%         N/A       100%        3
 Portal Projectile        Hex/Tloc       0%         N/A       100%        3
 Spider Form              Tmut/Pois      0%         N/A       100%        3
 Anguish                  Hex/Necr       0%         N/A       100%        4
 Alistair's Intoxication  Tmut/Pois      0%         N/A       100%        5
 Blade Hands              Tmut           0%         N/A       100%        5
 Irradiate                Conj/Tmut      0%         3d11      100%        5
 Metabolic Englaciation   Hex/Ice        0%         N/A       100%        5
 Iron Shot                Conj/Erth      0%         9d1       100%        6
 Orb of Destruction       Conj           0%         9d5       100%        7
 Tukima's Dance           Hex            Unusable   N/A       N/A         3
 Animate Armour           Summ/Erth      Unusable   N/A       N/A         4
 Simulacrum               Ice/Necr       Unusable   N/A       N/A         6
 Summon Hydra             Summ           Unusable   N/A       N/A         7

Dungeon Overview and Level Annotations

Branches:
Dungeon (12/15)            Temple (1/1) D:6            Lair (0/5) D:10
    Orc: D:9-12

Altars:
Ashenzari
Cheibriados
Dithmenos
Elyvilon
Fedhas
Gozag
Hepliaklqana
Kikubaaqudgha
Makhleb
Nemelex Xobeh
Okawaru
Qazlal
Ru
Sif Muna
Trog
Uskayaw
Vehumet
Wu Jian
Xom
Yredelemnul
Zin

Shops:
D:11 ?

Annotations:
D:8 exclusion: oklob sapling


Innate Abilities, Weirdness & Mutations

You have a pair of horns on your head.
You reflexively headbutt those who attack you in melee.


Message History

The boulder beetle is lightly wounded.
The boulder beetle bites you but does no damage.
You slice the boulder beetle!!
The boulder beetle is moderately wounded.
The boulder beetle barely misses you.
You hit the boulder beetle but do no damage.
The boulder beetle is moderately wounded.
The boulder beetle bites you!
You hit the boulder beetle.
The boulder beetle is heavily wounded.
The boulder beetle bites you.
You slice the boulder beetle!!
You headbutt the boulder beetle, but do no damage.
The boulder beetle is severely wounded.
The boulder beetle bites you but does no damage.
The vampire mosquito buzzes angrily.
You hit the boulder beetle but do no damage.
You headbutt the boulder beetle.
The boulder beetle is severely wounded.
A vampire mosquito comes into view.
The boulder beetle bites you!
The vampire mosquito buzzes angrily.
You slash the boulder beetle! You headbutt the boulder beetle.
The boulder beetle is severely wounded.
You slice the meliai!!
The meliai mumbles some strange prayers to its god against you.
Something smites you!
The meliai calls down the wrath of its god upon you.
Something smites you!
* * * LOW HITPOINT WARNING * * *
The boulder beetle bites you!
* * * LOW HITPOINT WARNING * * *
The meliai hits you but does no damage.
The meliai stings you but does no damage.
The meliai hits you with a +0 war axe.
* * * LOW HITPOINT WARNING * * *
The meliai stings you but does no damage.
The boulder beetle waves its antennae.
The boulder beetle bites you!
You die...

.. ... #.. ## #..###
###.## ##.....##@...#
....#..#yBy..###
.................
.........y.......
........>........
.................
........)............
#
.................y...
. ...
....###..........


You could see a boulder beetle, 3 vampire mosquitoes and a meliai.

Vanquished Creatures
  A fire dragon (D:10)
  3 two-headed ogres
  A boulder beetle (D:11)
  Sonja (D:12)
  A harpy (D:10)
  An orange crystal statue (D:9)
  Pikel (D:5)
  A cyclops (D:11)
  Maurice (D:8)
  A gargoyle (D:11)
  A komodo dragon (D:10)
  7 trolls
  A hornet (D:9)
  2 shadows (D:11)
  A centaur simulacrum (D:11)
  32 yaks
  2 wyverns
  A steam dragon (D:10)
  3 acid dragons
  5 water moccasins
  A sky beast (D:6)
  3 orc warriors
  2 ice beasts
  2 black bears
  5 centaurs
  2 ogres
  A phantom (D:4)
  A lemure (D:5)
  2 kobold brigands
  A gnoll sergeant (D:7)
  5 scorpions
  3 killer bees
  3 howler monkeys
  A crimson imp (D:11)
  4 hounds
  An orc priest (D:5)
  2 gnoll boudas
  2 jellies
  7 iguanas
  A sleepcap (D:6)
  Ijyb (D:3)
  9 orc wizards
  13 adders
  11 gnolls
  2 white imps
  3 ufetubi (D:7)
  6 dart slugs
  3 worms
  25 orcs
  13 ball pythons
  7 endoplasms
  A giant cockroach (D:3)
  11 goblins
  9 hobgoblins
  6 jackals
  5 quokkas
  7 bats
  2 frilled lizards
  15 kobolds
  6 rats
271 creatures vanquished.

Notes
Turn   | Place    | Note
-------+----------+-------------------------------------------
     0 | D:1      | cowcol the Minotaur Fighter began the quest for the Orb.
     0 | D:1      | Reached XP level 1. HP: 19/19 MP: 0/0
   313 | D:1      | Reached XP level 2. HP: 27/27 MP: 1/1
   611 | D:1      | Noticed a shining eye
   621 | D:1      | Found a faded altar of an unknown god.
   623 | D:1      | Noticed a floating eye
   623 | D:1      | Noticed a floating eye
   623 | D:1      | Noticed a shining eye
   772 | D:2      | Reached XP level 3. HP: 10/33 MP: 2/2
   904 | D:2      | Reached skill level 3 in Axes
  1035 | D:2      | Reached XP level 4. HP: 41/41 MP: 3/3
  1079 | D:2      | Reached skill level 1 in Throwing
  1795 | D:3      | Reached skill level 4 in Axes
  1795 | D:3      | Found a burning altar of Makhleb.
  1896 | D:3      | Reached XP level 5. HP: 47/47 MP: 4/4
  1913 | D:3      | Found a shadowy altar of Dithmenos.
  2028 | D:3      | Noticed Ijyb
  2049 | D:3      | Killed Ijyb
  2068 | D:3      | Reached skill level 5 in Armour
  2068 | D:3      | You fall into a shaft and drop 2 floors!
  2068 | D:5      | Entered Level 5 of the Dungeon
  2134 | D:4      | Noticed an ogre
  2151 | D:4      | Killed an ogre
  2152 | D:4      | Reached skill level 5 in Axes
  2152 | D:4      | Reached XP level 6. HP: 53/53 MP: 5/5
  2524 | D:4      | Found an opulent altar of Gozag.
  2703 | D:4      | Reached skill level 6 in Axes
  2963 | D:4      | Reached skill level 5 in Fighting
  3319 | D:5      | Reached XP level 7. HP: 61/61 MP: 6/6
  3354 | D:5      | Reached skill level 7 in Axes
  3643 | D:5      | Reached skill level 8 in Axes
  3771 | D:5      | Noticed Pikel
  3779 | D:5      | Killed Pikel
  3780 | D:5      | Reached skill level 9 in Axes
  3780 | D:5      | Reached XP level 8. HP: 61/70 MP: 5/7
  4020 | D:5      | Reached skill level 10 in Axes
  4831 | D:6      | Reached XP level 9. HP: 76/78 MP: 8/8
  5318 | D:6      | Found a staircase to the Ecumenical Temple.
  5324 | Temple   | Entered the Ecumenical Temple
  5442 | Temple   | Became a worshipper of Warmaster Okawaru
  5544 | D:6      | Reached skill level 11 in Axes
  5710 | D:6      | Found a bloodstained altar of Trog.
  6247 | D:7      | Reached skill level 12 in Axes
  6866 | D:8      | Got the Compilation of Shapeshifting
  7108 | D:8      | Reached * piety under Okawaru
  7207 | D:8      | Reached skill level 13 in Axes
  7211 | D:8      | Reached XP level 10. HP: 76/86 MP: 5/9
  7424 | D:8      | Reached ** piety under Okawaru
  7433 | D:8      | Reached skill level 14 in Axes
  7781 | D:8      | Reached *** piety under Okawaru
  7789 | D:8      | Noticed Maurice
  7808 | D:8      | Killed Maurice
  8134 | D:9      | Reached skill level 15 in Axes
  8544 | D:9      | Noticed an orange crystal statue
  8646 | D:9      | Noticed a two-headed ogre
  8664 | D:9      | Killed a two-headed ogre
  8700 | D:9      | Reached skill level 1 in Invocations
  8700 | D:9      | Reached XP level 11. HP: 97/97 MP: 10/10
  8732 | D:9      | Reached skill level 10 in Armour
  9170 | D:10     | Entered Level 10 of the Dungeon
  9479 | D:9      | Killed an orange crystal statue
  9482 | D:9      | Got Total Understanding of Hermetics
  9492 | D:9      | Identified the +5 ring mail of the Past {Will++ Str-3}
  9690 | D:10     | Reached skill level 16 in Axes
  9771 | D:10     | Reached skill level 10 in Fighting
  9774 | D:10     | Reached **** piety under Okawaru
  9992 | D:10     | Found a staircase to the Lair.
 11025 | D:10     | Noticed a fire dragon
 11025 | D:10     | Noticed a harpy
 11029 | D:10     | Killed a harpy
 11037 | D:10     | Killed a fire dragon
 11037 | D:10     | Reached ***** piety under Okawaru
 11531 | D:11     | Found Wemiehy's Magic Scroll Boutique.
 11592 | D:11     | Reached skill level 17 in Axes
 11961 | D:11     | Noticed a two-headed ogre
 11970 | D:11     | Killed a two-headed ogre
 12439 | D:11     | Noticed a two-headed ogre
 12451 | D:11     | Killed a two-headed ogre
 12452 | D:11     | Reached XP level 12. HP: 91/108 MP: 8/11
 12938 | D:12     | Noticed Sonja
 12966 | D:12     | HP: 2/66 [asphyx]
 12974 | D:12     | Noticed a boulder beetle
 12981 | D:12     | Killed Sonja
 12981 | D:12     | Received a gift from Okawaru
 12986 | D:12     | Noticed a boulder beetle
 13005 | D:11     | Killed a boulder beetle
 13370 | D:12     | Slain by a boulder beetle

Illustrated notes

Levels and vault maps discovered:
D:1:      dpeg_arrival_line_fractal, layout_basic,
          hellmonk_ecumenical_altar_watching_god, minmay_quantized
D:2:      layout_basic, minmay_bisected
D:3:      layout_basic, mainiacjoe_overflow_catwalk,
          mainiacjoe_overflow_cross_hatched, corner_web_ring,
          minmay_goblin_outpost, uniq_ijyb
D:4:      wad_lake_hut, layout_rooms, grunt_gozag_breadcrumbs
D:5:      layout_basic, uniq_pikel
D:6:      layout_rooms, trog_hazing_becter, minmay_temple_entry_fiery
D:7:      layout_loops_ring, serial_rivers, chequers_serial_rivers_room_a,
          chequers_serial_rivers_large_a, chequers_serial_rivers_micro_d,
          chequers_serial_rivers_large_b, kennysheep_doodads
D:8:      layout_loops_cross, introduction_to_nature_2, uniq_maurice
D:9:      layout_basic, minivault_15, st_stairs_11
D:10:     nzn_winding_woodlands_cross [nzn_winding_woodlands_5x15_concentric,
          nzn_winding_woodlands_5x15_pockets, nzn_winding_woodlands_5x15_twine,
          nzn_winding_woodlands_5x15_parted,
          nzn_winding_woodlands_15x15_boxy_spiral], layout_rooms, serial_rivers,
          chequers_serial_rivers_micro_b, chequers_serial_rivers_room_b,
          chequers_serial_rivers_small_b, chequers_serial_rivers_micro_e
D:11:     layout_irregular_city, serial_shops, nicolae_diamond_shop,
          minmay_fire_ice_demons
D:12:     layout_cave_pools, erik_orc_1, special_room [special_room_bee],
          uniq_frances, uniq_sonja
Temple:   mainiacjoe_temple_bowtie_tessellation

Skill      XL: |  1  2  3  4  5  6  7  8  9 10 11 12 |
---------------+-------------------------------------+-----
Fighting       | 4 5 6 7 9 10 11 | 11.0
Shields        | 4 |  4.0
Armour         | 4 5 7 8 9 11 12 | 12.0
Axes           | 3 4 5 6 9 10 13 15 17 | 17.8
Throwing       | 1 2 |  2.0
Invocations    | 1 |  1.2

Action                     |  1- 3 |  4- 6 |  7- 9 | 10-12 || total
---------------------------+-------+-------+-------+-------++-------
  Melee: War axe           |    67 |   133 |   249 |   131 ||   580
         Headbutt          |     7 |    23 |    63 |    64 ||   157
         Executioner's axe |       |       |       |   170 ||   170
  Throw: Boomerang         |    11 |    10 |    21 |    37 ||    79
 Invoke: Heroism           |       |       |     1 |     8 ||     9
  Evoke: Wand              |       |       |     1 |       ||     1
    Use: Scroll            |     2 |     8 |     3 |     7 ||    20
         Potion            |     1 |     4 |     1 |    13 ||    19
   Stab: Invisible         |       |       |       |     4 ||     4
 Armour: Scale mail        |    43 |    59 |    75 |    18 ||   195
         Plate armour      |       |       |       |   173 ||   173
  Dodge: Dodged            |    28 |    84 |   156 |   216 ||   484
  Block: Buckler           |     4 |       |       |       ||     4
         Kite shield       |    19 |    63 |   117 |    41 ||   240
